MLB
KANSAS CITY ROYALS @ MINNESOTA TWINS
05/06/2044
 
TOP OF THE 1ST
Kansas City Royals batting - Pitching for Minnesota Twins : RHP Luis Sanchez
Pitching: RHP Luis Sanchez
Batting: RHB Aaron Matthews 0-0: Foul Ball, location: 2F
0-1: Swinging Strike
0-2: Strikes out swinging
Batting: RHB Adriaan Pieters 0-0: Swinging Strike
0-1: Ball
1-1: SOLO HOME RUN (Flyball, 7LD, EV 95.0 MPH), Distance : 360 ft
Batting: LHB Mike Meyerhoff 0-0: Called Strike
0-1: Ball
1-1: Ball
2-1: Foul Ball, location: 2F
2-2: SINGLE (Line Drive, 9LS, EV 104.4 MPH)
Batting: SHB Tony Prado 0-0: Called Strike
Mike Meyerhoff steals 2nd, throwing error, E2
Mike Meyerhoff to third
0-1: Ball
1-1: Foul Ball, location: 2F
1-2: Ground out 5-3 (Groundball, 56S, EV 68.8 MPH)
Batting: SHB Gareth Busby 0-0: Ball
1-0: Ball
2-0: Ground out 6-3 (Groundball, 6M, EV 84.4 MPH)
Top of the 1st over - 1 run, 2 hits, 1 error, 1 left on base; Kansas City 1 - Minnesota 0
BOTTOM OF THE 1ST
Minnesota Twins batting - Pitching for Kansas City Royals : RHP Jimmy Silveira IV
Pitching: RHP Jimmy Silveira IV
Batting: RHB Yonetoshi Muranaka 0-0: Ball
1-0: Foul Ball, location: 2F
1-1: Ball
2-1: Foul Ball, location: 2F
2-2: SINGLE (Flyball, 4D, EV 93.8 MPH)
Batting: LHB Joel Kunkler 0-0: SINGLE (Groundball, 56D, EV 103.1 MPH)
Yonetoshi Muranaka to second
Batting: RHB Jared McClernon 0-0: Ball
1-0: Foul Ball, location: 2F
1-1: Fly out, F9 (Flyball, 9LM, EV 91.9 MPH)
Batting: RHB Jesus Chavez 0-0: Called Strike
0-1: Called Strike
0-2: Foul Ball, location: 2F
0-2: Ball
1-2: Ball
2-2: Ball
3-2: Strikes out looking
Batting: LHB Kevin Bellman 0-0: Foul Ball, location: 2F
0-1: Fly out, F8 (Flyball, 8LXD, EV 103.8 MPH)
Bottom of the 1st over - 0 runs, 2 hits, 0 errors, 2 left on base; Kansas City 1 - Minnesota 0
TOP OF THE 2ND
Kansas City Royals batting - Pitching for Minnesota Twins : RHP Luis Sanchez
Batting: LHB Manny Estrada 0-0: Ball
1-0: Foul Ball, location: 2F
1-1: Ball
2-1: Ground out 1-3 (Groundball, 13S, EV 66.9 MPH)
Batting: LHB Zion Davidson 0-0: Fly out, F9 (Flyball, 9LM, EV 87.5 MPH)
Batting: RHB Jordan Diaz 0-0: Swinging Strike
0-1: Ground out 6-3 (Groundball, 6, EV 91.2 MPH)
Top of the 2nd over - 0 runs, 0 hits, 0 errors, 0 left on base; Kansas City 1 - Minnesota 0
BOTTOM OF THE 2ND
Minnesota Twins batting - Pitching for Kansas City Royals : RHP Jimmy Silveira IV
Batting: SHB Buster Hyman 0-0: Ball
1-0: Called Strike
1-1: Called Strike
1-2: Ball
2-2: Strikes out swinging
Batting: LHB Sadamu Noguchi 0-0: Ball
1-0: Ball
2-0: Ground out 4-3 (Groundball, 4, EV 91.9 MPH)
Batting: RHB Väinö Tapaninen 0-0: Called Strike
0-1: Ball
1-1: Swinging Strike
1-2: Strikes out swinging, 2-3 out at first.
Bottom of the 2nd over - 0 runs, 0 hits, 0 errors, 0 left on base; Kansas City 1 - Minnesota 0
TOP OF THE 3RD
Kansas City Royals batting - Pitching for Minnesota Twins : RHP Luis Sanchez
Batting: RHB Avery Maxwell 0-0: Called Strike
0-1: Ball
1-1: Foul Ball, location: 2F
1-2: Ground out 6-3 (Groundball, 6, EV 84.4 MPH)
Batting: RHB Aaron Matthews 0-0: Ball
1-0: SINGLE (Line Drive, 9LS, EV 92.5 MPH)
Batting: RHB Adriaan Pieters 0-0: Called Strike
Aaron Matthews steals 2nd base (no throw)
0-1: Foul Ball, location: 2F
0-2: Foul Ball, location: 2F
0-2: Fly out, F8 (Line Drive, 8RM, EV 92.5 MPH)
Batting: LHB Mike Meyerhoff 0-0: Fly out, F8 (Flyball, 78D, EV 87.5 MPH)
Top of the 3rd over - 0 runs, 1 hit, 0 errors, 1 left on base; Kansas City 1 - Minnesota 0
BOTTOM OF THE 3RD
Minnesota Twins batting - Pitching for Kansas City Royals : RHP Jimmy Silveira IV
Batting: RHB Josh Zoglmann 0-0: Ball
1-0: Ball
2-0: Fly out, F9 (Flyball, 9, EV 86.2 MPH)
Batting: RHB Yonetoshi Muranaka 0-0: Called Strike
0-1: SOLO HOME RUN (Flyball, 78XD, EV 107.5 MPH), Distance : 394 ft
Batting: LHB Joel Kunkler 0-0: Swinging Strike
0-1: Called Strike
0-2: Ground out 6-3 (Groundball, 6, EV 91.2 MPH)
Batting: RHB Jared McClernon 0-0: SINGLE (Line Drive, 56D, EV 103.1 MPH)
Batting: RHB Jesus Chavez 0-0: Ball
1-0: Ball
2-0: Ball
3-0: Hit by Pitch
Jared McClernon to second
Batting: LHB Kevin Bellman 0-0: Ball
1-0: SINGLE (Groundball, 4MD, EV 100.0 MPH)
Jared McClernon to third
Jesus Chavez to second
Runner from 3rd tries for Home, SAFE, throw by CF to home
Batting: SHB Buster Hyman 0-0: Ball
1-0: Foul Ball, location: 2F
1-1: Foul Ball, location: 2F
1-2: Ball
2-2: Strikes out swinging
Bottom of the 3rd over - 2 runs, 3 hits, 0 errors, 2 left on base; Kansas City 1 - Minnesota 2
TOP OF THE 4TH
Kansas City Royals batting - Pitching for Minnesota Twins : RHP Luis Sanchez
Batting: SHB Tony Prado 0-0: Ball
1-0: SINGLE (Groundball, 4S, EV 79.4 MPH) (infield hit)
Batting: SHB Gareth Busby 0-0: Ball
1-0: Foul Ball, location: 2F
1-1: Called Strike
1-2: Grounds into double play, 4-6-3 (Groundball, 34, EV 82.5 MPH)
Batting: LHB Manny Estrada 0-0: Foul Ball, location: 2F
0-1: Ball
1-1: Ball
2-1: Foul Ball, location: 2F
2-2: Foul Ball, location: 2F
2-2: Ball
3-2: Ground out 6-3 (Groundball, 4MD, EV 101.2 MPH)
Top of the 4th over - 0 runs, 1 hit, 0 errors, 0 left on base; Kansas City 1 - Minnesota 2
BOTTOM OF THE 4TH
Minnesota Twins batting - Pitching for Kansas City Royals : RHP Jimmy Silveira IV
Batting: LHB Sadamu Noguchi 0-0: Ball
1-0: Called Strike
1-1: SINGLE (Flyball, 56D, EV 91.9 MPH)
Batting: RHB Väinö Tapaninen 0-0: Swinging Strike
0-1: Ball
1-1: Called Strike
1-2: Foul Ball, location: 2F
1-2: Ball
2-2: Foul Ball, location: 2F
2-2: Strikes out swinging
Batting: RHB Josh Zoglmann 0-0: Ball
Sadamu Noguchi is caught stealing 2nd base 2-4
1-0: SINGLE (Flyball, 9S, EV 93.1 MPH)
Batting: RHB Yonetoshi Muranaka 0-0: Called Strike
0-1: Fly out, F9 (Flyball, 9, EV 92.5 MPH)
Bottom of the 4th over - 0 runs, 2 hits, 0 errors, 1 left on base; Kansas City 1 - Minnesota 2
TOP OF THE 5TH
Kansas City Royals batting - Pitching for Minnesota Twins : RHP Luis Sanchez
Batting: LHB Zion Davidson 0-0: Called Strike
0-1: Ball
1-1: Ball
2-1: Called Strike
2-2: SINGLE (Groundball, 3S, EV 68.8 MPH) (infield hit)
Batting: RHB Jordan Diaz 0-0: SINGLE (Groundball, 5S, EV 64.4 MPH) (infield hit)
Zion Davidson to second
Batting: RHB Avery Maxwell 0-0: Fly out, F7 (Flyball, 7LD, EV 83.8 MPH)
Runner from 2nd tags up, SAFE at 3rd, no throw by LF
Batting: RHB Aaron Matthews 0-0: Ball
1-0: Ball
2-0: Fly out, F7 (Flyball, 7, EV 89.4 MPH)
Batting: RHB Adriaan Pieters 0-0: Ball
1-0: Fly out, F8 (Flyball, 8LD, EV 84.4 MPH)
Top of the 5th over - 0 runs, 2 hits, 0 errors, 2 left on base; Kansas City 1 - Minnesota 2
BOTTOM OF THE 5TH
Minnesota Twins batting - Pitching for Kansas City Royals : RHP Jimmy Silveira IV
Batting: LHB Joel Kunkler 0-0: SINGLE (Flyball, 8RS, EV 90.6 MPH)
Batting: RHB Jared McClernon 0-0: Ball
1-0: Called Strike
1-1: Foul Ball, location: 2F
1-2: Ball
2-2: SINGLE (Groundball, 6MD, EV 83.1 MPH) (infield hit)
Joel Kunkler to second
Batting: RHB Jesus Chavez 0-0: Foul Ball, location: 2F
0-1: Swinging Strike
0-2: Fly out, F4 (Line Drive, 4, EV 62.5 MPH)
Batting: LHB Kevin Bellman 0-0: Ball
1-0: Foul Ball, location: 2F
1-1: Ball
2-1: Ball
3-1: Fly out, F7 (Line Drive, 7, EV 99.4 MPH)
Batting: SHB Buster Hyman 0-0: Swinging Strike
0-1: Ball
1-1: Ball
2-1: Called Strike
2-2: Strikes out looking
Bottom of the 5th over - 0 runs, 2 hits, 0 errors, 2 left on base; Kansas City 1 - Minnesota 2
TOP OF THE 6TH
Kansas City Royals batting - Pitching for Minnesota Twins : RHP Luis Sanchez
Pitching: RHP Tomas Vargas
Batting: LHB Mike Meyerhoff 0-0: Called Strike
0-1: Ball
1-1: Foul Ball, location: 2F
1-2: Foul Ball, location: 2F
1-2: Ground out 4-3 (Groundball, 4, EV 81.9 MPH)
Batting: SHB Tony Prado 0-0: Fly out, F7 (Flyball, 7LS, EV 83.1 MPH)
Batting: SHB Gareth Busby 0-0: Called Strike
0-1: Called Strike
0-2: Fly out, F6 (Flyball, 6D, EV 74.4 MPH)
Top of the 6th over - 0 runs, 0 hits, 0 errors, 0 left on base; Kansas City 1 - Minnesota 2
BOTTOM OF THE 6TH
Minnesota Twins batting - Pitching for Kansas City Royals : RHP Jimmy Silveira IV
Batting: LHB Sadamu Noguchi 0-0: Ball
1-0: Ball
2-0: Ground out 4-3 (Groundball, 4, EV 103.8 MPH)
Batting: RHB Väinö Tapaninen 0-0: Ball
1-0: Ground out 5-3 (Groundball, 56S, EV 63.1 MPH)
Batting: RHB Josh Zoglmann 0-0: SINGLE (Flyball, 9LS, EV 86.9 MPH)
Batting: RHB Yonetoshi Muranaka 0-0: Ball
1-0: Ball
2-0: Called Strike
2-1: SINGLE (Groundball, 56D, EV 106.2 MPH)
Josh Zoglmann to second
Runner from 2nd tries for 3rd, OUT! 7-5
Bottom of the 6th over - 0 runs, 2 hits, 0 errors, 1 left on base; Kansas City 1 - Minnesota 2
TOP OF THE 7TH
Kansas City Royals batting - Pitching for Minnesota Twins : RHP Tomas Vargas
Pitching: RHP Travis Feind
Batting: LHB Manny Estrada 0-0: Fly out, F7 (Flyball, 78D, EV 74.4 MPH)
Batting: LHB Zion Davidson 0-0: Ball
1-0: Fly out, F7 (Flyball, 7LM, EV 95.6 MPH)
Batting: RHB Jordan Diaz 0-0: Ball
1-0: SINGLE (Groundball, 13S, EV 74.4 MPH) (infield hit)
Batting: RHB Avery Maxwell 0-0: Called Strike
0-1: Called Strike
Jordan Diaz steals 2nd base
0-2: Ball
1-2: Ground out 6-3 (Groundball, 6, EV 79.4 MPH)
Top of the 7th over - 0 runs, 1 hit, 0 errors, 1 left on base; Kansas City 1 - Minnesota 2
BOTTOM OF THE 7TH
Minnesota Twins batting - Pitching for Kansas City Royals : RHP Jimmy Silveira IV
Batting: LHB Joel Kunkler 0-0: Called Strike
0-1: Ball
1-1: Swinging Strike
1-2: Ball
2-2: Ball
3-2: Base on Balls
Batting: RHB Jared McClernon 0-0: Fielders Choice at 2nd, 6-4 (Groundball, 6M, EV 103.1 MPH)
Batting: RHB Jesus Chavez 0-0: Ball
1-0: SINGLE (Flyball, 78S, EV 95.0 MPH)
Jared McClernon to second
Batting: LHB Kevin Bellman 0-0: Foul Ball, location: 2F
0-1: Swinging Strike
0-2: Strikes out swinging
Batting: SHB Buster Hyman 0-0: Called Strike
0-1: Foul Ball, location: 2F
0-2: Strikes out swinging
Bottom of the 7th over - 0 runs, 1 hit, 0 errors, 2 left on base; Kansas City 1 - Minnesota 2
TOP OF THE 8TH
Kansas City Royals batting - Pitching for Minnesota Twins : RHP Travis Feind
Pitching: RHP Freddie Trainor
Batting: RHB Aaron Matthews 0-0: Ball
1-0: Foul Ball, location: 2F
1-1: Ball
2-1: Fly out, F6 (Popup, P, EV 81.9 MPH)
Batting: RHB Adriaan Pieters 0-0: Ball
1-0: Foul Ball, location: 2F
1-1: Called Strike
1-2: Ground out 4-3 (Groundball, 4S, EV 85.0 MPH)
Batting: LHB Mike Meyerhoff 0-0: Ball
1-0: Ball
2-0: Ball
3-0: Called Strike
3-1: Swinging Strike
3-2: Base on Balls
Batting: SHB Tony Prado 0-0: Ball
1-0: Ball
2-0: Ball
3-0: Base on Balls
Mike Meyerhoff to second
Batting: SHB Gareth Busby 0-0: Ball
1-0: Ball
2-0: Ground out U3 (Groundball, 3, EV 85.0 MPH)
Top of the 8th over - 0 runs, 0 hits, 0 errors, 2 left on base; Kansas City 1 - Minnesota 2
BOTTOM OF THE 8TH
Minnesota Twins batting - Pitching for Kansas City Royals : RHP Jimmy Silveira IV
Pitching: RHP Asa Hahn
Batting: LHB Sadamu Noguchi 0-0: Ball
1-0: Fly out, F3 (Popup, 3L, EV 70.6 MPH)
Batting: RHB Väinö Tapaninen 0-0: Called Strike
0-1: Ball
1-1: Ball
2-1: Ground out 1-3 (Groundball, 25, EV 71.2 MPH)
Batting: RHB Josh Zoglmann 0-0: Called Strike
0-1: Foul Ball, location: 2F
0-2: Foul Ball, location: 2F
0-2: Strikes out looking
Bottom of the 8th over - 0 runs, 0 hits, 0 errors, 0 left on base; Kansas City 1 - Minnesota 2
TOP OF THE 9TH
Kansas City Royals batting - Pitching for Minnesota Twins : RHP Freddie Trainor
Pitching: RHP Mario Arce
Batting: LHB Manny Estrada 0-0: Fly out, F8 (Line Drive, 8LM, EV 103.1 MPH)
Batting: LHB Zion Davidson 0-0: Ball
1-0: Ball
2-0: Called Strike
2-1: Foul Ball, location: 2F
2-2: Strikes out swinging, 2-3 out at first.
Batting: RHB Jordan Diaz 0-0: Called Strike
0-1: Called Strike
0-2: Strikes out swinging
Top of the 9th over - 0 runs, 0 hits, 0 errors, 0 left on base; Kansas City 1 - Minnesota 2
Thursday, March 31st , 2022 - OOTP Baseball 22.12 Build 89